Map: Ultralove

Players

TonsiGC

  • Race: Zerg Zerg
  • League: Diamond
  • Spawn Location: 1:00

SensualCL - Winner!

  • Race: Terran Terran
  • League: Diamond
  • Spawn Location: 7:00

VOD

Have the link to the VOD?

Description

Time

  • Played on: Feb. 19, 2025, 8:58 p.m.
  • Length: 28:12
Show
View Real Time Build Order
Export as new Build Order

TonsiGC Zerg 

Build Orders: Hatch First, Zergling Baneling 

Get SALT Encoding   

  12  0:00  Drone  
  13  0:08  Drone  
  13  0:13  Extractor  
  13  0:15  Drone  
  15  0:25  Overlord  
  15  0:45  Drone  
  15  0:48  Hatchery  
  15  0:50  Drone  
  15  0:53  Drone  
  17  0:57  Drone  
  18  1:07  Extractor  
  17  1:12  Spawning Pool  
  17  1:17  Drone  
  17  1:18  Drone  
  18  1:29  Drone  
  19  1:40  Drone  
  20  1:53  Overlord  
  20  1:59  Queen x2  
  20  2:00  Zergling x2  
  25  2:02  Zergling x2  
  26  2:13  Overlord  
  26  2:14  Zergling x2  
  27  2:16  Metabolic Boost  
  27  2:21  Zergling x2  
  28  2:32  Zergling x4  
  30  2:41  Baneling Nest, Zergling x2  
  30  2:47  Zergling x4  
  32  2:57  Zergling x4  
  34  3:05  Overlord  
  34  3:06  Zergling x2  
  35  3:18  Zergling x2  
  36  3:25  Baneling  
  36  3:26  Baneling x5  
  36  3:28  Zergling x12  
  41  3:42  Zergling x4  
  38  3:58  Zergling x6  
  38  4:05  Baneling  
  38  4:06  Baneling x3  
  38  4:07  Zergling x4  
  40  4:31  Zergling x8  
  42  4:32  Baneling x3  
  38  5:01  Zergling x14  
  38  5:06  Overlord  
  38  5:07  Overlord  
  44  5:20  Baneling x2  
  44  5:21  Baneling  
  44  5:22  Baneling  
  44  5:26  Drone x3  
  47  5:30  Hatchery  
  47  5:32  Drone x2  
  47  5:34  Drone  
  49  5:40  Drone  
  49  5:41  Drone  
  51  5:46  Drone  
  51  5:48  Drone  
  53  5:50  Drone  
  53  5:53  Drone  
  55  5:57  Drone  
  55  6:02  Drone  
  57  6:06  Drone x3  
  60  6:29  Lair  
  60  6:33  Overlord x2  
  60  6:37  Overlord x2  
  60  6:52  Drone  
  60  6:53  Drone x7  
  68  6:55  Drone  
  69  7:02  Lair  
  69  7:03  Evolution Chamber  
  69  7:04  Drone, Evolution Chamber  
  69  7:05  Drone x4  
  72  7:15  Extractor  
  71  7:16  Extractor  
  71  7:19  Drone  
  71  7:20  Drone x4  
  75  7:28  Queen x2  
  78  7:33  Drone  
  78  7:34  Drone x6  
  85  7:54  Drone  
  85  7:55  Drone x4  
  85  7:56  Overlord  
  85  7:57  Overlord  
  90  7:59  Centrifugal Hooks  
  90  8:04  Hydralisk Den  
  89  8:09  Zerg Missile Weapons Level 1  
  89  8:16  Extractor  
  89  8:19  Extractor  
  87  8:28  Hatchery  
  86  8:38  Hydralisk x6  
  98  8:46  Extractor  
  97  8:54  Drone x8  
  97  8:55  Drone x6  
  111  8:58  Grooved Spines  
  111  9:01  Infestation Pit  
  110  9:03  Zergling x2  
  110  9:04  Zergling x4  
  110  9:08  Overlord x2  
  113  9:21  Overlord  
  113  9:22  Overlord x5  
  113  9:33  Hydralisk  
  113  9:34  Hydralisk x4  
  113  9:38  Hive  
  123  9:50  Hatchery x2  
  121  9:55  Hatchery  
  121  9:56  Zerg Melee Weapons Level 1  
  121  9:59  Hive, Hydralisk x3  
  122  10:00  Hydralisk x2  
  125  10:45  Drone x11  
  125  10:46  Drone x6  
  125  10:49  Hatchery  
  141  10:57  Queen x3  
  141  11:01  Neural Parasite  
  141  11:03  Viper  
  141  11:04  Viper x3  
  159  11:14  Zergling x2  
  159  11:15  Zergling x16  
  163  11:26  Pneumatized Carapace  
  163  11:29  Overseer  
  163  11:30  Overseer x7  
  162  11:36  Muscular Augments  
  160  11:50  Ultralisk Cavern  
  160  11:54  Extractor  
  158  11:55  Extractor  
  157  12:30  Extractor x2  
  155  13:07  Zerg Missile Weapons Level 2, Zerg Melee Weapons Level 2  
  155  13:11  Ultralisk x6  
  191  13:15  Ultralisk  
  196  13:26  Evolution Chamber  
  192  13:30  Evolution Chamber  
  192  13:33  Baneling  
  191  13:34  Baneling x14  
  191  13:35  Baneling x4  
  167  14:18  Anabolic Synthesis  
  167  14:20  Overlord  
  167  14:21  Overlord x10  
  126  14:39  Hydralisk  
  126  14:40  Hydralisk x14  
  126  14:44  Ultralisk x2  
  163  15:00  Chitinous Plating  
  162  15:07  Zergling x2  
  162  15:08  Zergling x36  
  162  15:09  Zergling x4  
  181  15:28  Overseer x4  
  179  15:29  Overseer  
  164  15:43  Ultralisk x6  
  192  16:06  Hatchery  
  167  16:20  Ultralisk  
  167  16:21  Ultralisk x4  
  167  16:24  Zergling x16  
  199  16:44  Zerg Melee Weapons Level 3  
  199  16:45  Zerg Missile Weapons Level 3  
  181  17:08  Extractor  
  162  17:12  Extractor  
  143  17:17  Hydralisk x13  
  151  17:36  Zergling x12  
  151  17:37  Zergling x28  
  161  17:50  Overlord  
  161  17:51  Overlord  
  161  18:16  Viper x3  
  173  18:31  Viper x2  
  173  18:32  Viper  
  179  18:38  Zergling x22  
  179  18:39  Zergling x24  
  157  19:05  Ultralisk x7  
  157  19:08  Zergling x8  
  199  19:24  Ultralisk  
  194  20:04  Drone  
  194  20:05  Drone x9  
  200  20:09  Hatchery  
  198  20:18  Baneling  
  198  20:19  Baneling x5  
  112  21:30  Viper x4  
  136  21:38  Hydralisk  
  136  21:39  Hydralisk x15  
  156  22:01  Spine Crawler  
  156  22:02  Spine Crawler  
  156  22:04  Ultralisk x2  
  156  22:05  Ultralisk x5, Unknown  
  191  22:09  Hatchery  
  177  22:26  Hatchery  
  162  22:39  Hydralisk  
  162  22:40  Hydralisk x15  
  162  22:41  Hydralisk x8  
  190  23:00  Overseer  
  190  23:02  Overseer  
  190  23:03  Overseer  
  117  24:07  Ultralisk  
  117  24:08  Ultralisk x6  
  156  24:10  Zergling x28  
  156  24:14  Drone x2  
  171  24:17  Hatchery  
  170  24:29  Drone x3, Spine Crawler  
  170  24:30  Spine Crawler x2  
  168  24:50  Drone x2  
  170  25:03  Spore Crawler  
  50  26:26  Hydralisk  
  50  26:27  Hydralisk x19  
  50  26:28  Hydralisk  
  92  26:35  Viper x2  
  69  27:39  Zergling x26  
  69  27:40  Zergling x22  
Show
View Real Time Build Order
Export as new Build Order

SensualCL Terran - Winner!

Build Orders: 2 Factory, Mech 

Get SALT Encoding   

  12  0:01  SCV  
  13  0:13  SCV  
  14  0:20  Supply Depot  
  14  0:27  SCV  
  15  0:41  SCV  
  15  0:42  Refinery  
  16  0:48  Barracks  
  16  0:53  SCV  
  17  1:06  SCV  
  18  1:18  SCV  
  19  1:30  SCV  
  20  1:36  Supply Depot  
  20  1:38  Refinery  
  20  1:45  SCV  
  21  1:47  Marine  
  22  1:59  Command Center  
  22  2:05  Marine  
  23  2:18  SCV  
  24  2:23  Marine  
  25  2:38  Factory  
  25  2:41  Marine  
  26  2:52  Orbital Command  
  26  2:57  Factory  
  26  2:59  Marine  
  27  3:07  Engineering Bay  
  27  3:14  Orbital Command  
  27  3:17  Marine  
  29  3:27  SCV, Factory Tech Lab  
  29  3:39  SCV  
  29  3:40  Marine  
  31  3:42  Factory Reactor  
  30  4:00  Marine, Hellion  
  29  4:06  Supply Depot  
  29  4:07  Supply Depot  
  29  4:27  Hellion  
  29  4:29  Hellion x2  
  31  5:17  Infernal Pre-Igniter  
  31  5:22  Supply Depot  
  31  5:32  Supply Depot x2  
  31  5:36  Orbital Command  
  31  5:45  Hellion  
  31  5:46  Siege Tank  
  36  5:50  Armory  
  36  5:56  Supply Depot  
  36  6:00  SCV  
  37  6:12  SCV, Factory Reactor  
  37  6:15  Barracks  
  38  6:21  Siege Tank  
  38  6:24  SCV x2  
  43  6:29  Supply Depot  
  43  6:36  SCV x2  
  43  6:37  Terran Vehicle Weapons Level 1  
  45  6:51  Hellion x2  
  45  6:53  Siege Tank  
  52  7:04  Hi-Sec Auto Tracking  
  52  7:06  Missile Turret  
  52  7:15  Missile Turret  
  52  7:18  Hellion x2  
  56  7:26  Hellion  
  56  7:28  Orbital Command  
  58  7:40  Hellion  
  60  7:44  Factory  
  60  7:56  Supply Depot  
  60  8:00  Supply Depot  
  60  8:01  Supply Depot  
  60  8:05  Supply Depot  
  60  8:08  Supply Depot  
  60  8:09  SCV x2  
  62  8:16  Missile Turret  
  62  8:21  SCV x2  
  64  8:32  Missile Turret  
  64  8:33  SCV x2  
  65  8:37  Terran Vehicle Weapons Level 2  
  65  8:39  Supply Depot  
  65  8:45  SCV  
  67  8:48  Refinery  
  66  8:57  SCV x2, Command Center  
  66  8:59  Widow Mine x2  
  72  9:02  Mag-Field Accelerator  
  72  9:04  Supply Depot  
  72  9:08  Factory  
  72  9:12  SCV  
  72  9:13  Factory  
  73  9:18  Refinery  
  73  9:24  SCV  
  73  9:27  Missile Turret  
  74  9:35  Siege Tank  
  74  9:37  Widow Mine x2  
  81  9:44  Armory  
  81  9:45  Supply Depot  
  81  9:48  SCV, Supply Depot  
  81  9:50  Missile Turret  
  82  9:57  Factory Tech Lab  
  82  9:59  Factory Tech Lab  
  82  10:03  SCV x2  
  84  10:24  Siege Tank x3  
  93  10:35  Hellbat  
  95  10:40  Orbital Command  
  95  10:42  SCV x2  
  97  10:51  Factory  
  97  10:54  SCV x2  
  97  10:56  Siege Tank  
  102  11:04  Refinery  
  102  11:06  SCV  
  102  11:08  Refinery  
  103  11:12  Missile Turret  
  103  11:15  Cyclone  
  103  11:16  Cyclone  
  109  11:45  SCV x3  
  112  11:55  Supply Depot  
  112  11:56  Cyclone x2  
  112  11:57  SCV x3, Cyclone  
  124  12:04  Supply Depot  
  124  12:05  Terran Vehicle And Ship Armor Level 1  
  124  12:06  Supply Depot  
  124  12:09  Supply Depot, SCV x3  
  127  12:18  Supply Depot  
  127  12:21  SCV, Widow Mine, Hellion x2  
  134  12:24  SCV x2  
  134  12:28  Cyclone x2  
  134  12:29  Cyclone  
  145  12:33  SCV  
  145  12:34  Missile Turret  
  146  12:37  Supply Depot  
  146  12:40  Supply Depot, Factory Tech Lab  
  146  12:52  Widow Mine x3  
  152  12:58  Supply Depot  
  152  13:00  Supply Depot, Cyclone  
  152  13:01  Cyclone  
  158  13:13  Command Center  
  158  13:20  Supply Depot  
  158  13:22  Supply Depot  
  158  13:36  Cyclone  
  158  13:37  Cyclone x3  
  170  13:42  Supply Depot  
  170  13:56  Command Center  
  170  14:05  Supply Depot  
  170  14:09  Cyclone x2  
  146  14:28  Supply Depot  
  138  14:36  Cyclone x2  
  138  14:37  Widow Mine x2, Hellion  
  150  14:41  Cyclone x2  
  156  14:49  Widow Mine  
  158  14:55  Starport  
  158  14:58  Widow Mine  
  158  14:59  Widow Mine, Hellion  
  164  15:08  Siege Tank x2  
  164  15:11  Widow Mine  
  164  15:13  Cyclone x2  
  175  15:20  Widow Mine x2  
  167  15:23  Widow Mine  
  167  15:26  Planetary Fortress  
  167  15:30  Refinery  
  167  15:32  Widow Mine, Starport  
  167  15:34  Supply Depot  
  167  15:40  Cyclone x2  
  167  15:41  Hellion x2  
  176  15:45  Cyclone, Siege Tank, Hellion  
  184  15:53  Hellion  
  186  16:02  Widow Mine  
  186  16:12  Cyclone, Siege Tank  
  186  16:17  Siege Tank x2  
  190  16:29  SCV x3  
  190  16:31  Supply Depot  
  191  16:41  SCV x3  
  194  16:53  SCV  
  147  17:23  Cyclone, Siege Tank x3, Hellbat x2  
  154  17:43  Widow Mine x2  
  158  17:45  Hellion x2  
  162  17:53  SCV x2  
  162  17:54  SCV  
  162  17:55  Cyclone x4  
  177  18:04  Command Center, Hellion x2  
  181  18:05  SCV  
  181  18:06  SCV x2, Widow Mine, Hellion  
  188  18:18  SCV x3  
  191  18:25  Starport Reactor x2  
  191  18:26  Hellion x2  
  198  18:27  Cyclone, Widow Mine  
  198  18:28  Terran Vehicle Weapons Level 3  
  163  19:07  Cyclone x4  
  163  19:08  Hellion  
  165  19:24  Planetary Fortress  
  165  19:27  SCV x3  
  165  19:28  Refinery  
  168  19:36  Missile Turret  
  168  19:38  Missile Turret  
  168  19:39  SCV x3, Cyclone x3  
  168  19:40  Cyclone  
  168  19:41  Terran Vehicle And Ship Armor Level 2  
  183  19:48  Planetary Fortress  
  183  19:51  Refinery, SCV x3, Missile Turret  
  183  19:52  Widow Mine  
  184  20:06  Widow Mine x3  
  190  20:11  Widow Mine  
  190  20:12  Refinery, SCV x4  
  152  21:05  Cyclone x4  
  152  21:06  Hellion  
  152  21:09  Hellion  
  152  21:10  Widow Mine, Hellion  
  144  21:27  Widow Mine  
  144  21:31  Widow Mine x2, Hellion  
  152  21:36  Missile Turret  
  152  21:37  Widow Mine, Hellion x3  
  160  21:48  Command Center  
  160  21:49  Widow Mine  
  160  21:52  Widow Mine x2, Command Center  
  160  21:53  Widow Mine  
  168  21:57  Missile Turret  
  168  21:58  Cyclone x2  
  168  21:59  Widow Mine, Hellion  
  178  22:10  Widow Mine  
  178  22:14  Widow Mine, Hellion x2  
  186  22:20  Cyclone x2  
  189  22:31  Widow Mine x2  
  189  22:32  Widow Mine  
  189  22:35  Widow Mine x2  
  188  22:52  Widow Mine x3  
  188  22:55  Widow Mine x3  
  198  23:07  Missile Turret  
  198  23:12  Planetary Fortress  
  153  23:27  Missile Turret  
  130  23:47  Cyclone x4  
  130  23:48  Missile Turret, Hellion x2  
  131  23:49  Missile Turret  
  130  24:02  Widow Mine x2  
  131  24:09  Hellion x2  
  135  24:14  Missile Turret  
  135  24:19  Cyclone x4  
  135  24:23  Widow Mine  
  149  24:25  Refinery, Planetary Fortress  
  149  24:34  Missile Turret  
  149  24:43  Command Center  
  149  24:51  Cyclone, Siege Tank  
  159  25:01  Widow Mine  
  159  25:03  Liberator x4  
  163  25:34  Cyclone  
  163  25:35  Cyclone x3  
  168  25:36  Widow Mine x3  
  145  26:07  Cyclone  
  129  26:23  Cyclone x2  
  129  26:25  Widow Mine, Hellion x3  
  138  26:39  Orbital Command  
  138  26:40  Command Center  
  138  26:42  SCV x4  
  142  26:54  SCV x3, Widow Mine, Cyclone, Hellion x3  
  148  26:56  Cyclone  
  153  27:25  Hellion x2  
  153  27:26  Hellion x4  
  165  27:31  Hellion x2  
Tags
 
Add a new tag
Caveats
  • Supply blocks, unpowered buildings, or Contaminate may cause inaccurate times.
  • Supply counts are checked every 10 seconds.